 Dungeon Crawl Stone Soup version 0.29.1-12-g30fa7ad0bf (webtiles) character file.

Game seed: 12351895168500349200

16837 hawla the Thaumaturge (level 13, -6/93 HPs)
             Began as a Meteoran Fire Elementalist on Jan 13, 2023.
             Was a Priest of Vehumet.
             Engulfed by a cloud of freezing vapour (7 damage)
             ... in an ice cave.
             The game lasted 00:37:16 (6410 turns).

hawla the Thaumaturge (Meteoran Fire Elementalist)  Turns: 6410, Time: 00:37:16

Health: -6/93      AC: 11    Str: 11    XL:     13   Next: 9%
Magic:  24/31      EV: 14    Int: 27    God:    Vehumet [***...]
Gold:   659        SH:  5    Dex: 15    Spells: 27/39 levels left

rFire   . . .      SeeInvis .   h - staff of cold
rCold   + . .      Faith    .   (no shield)
rNeg    . . .      Spirit   .   w - +1 steam dragon scales
rPois   +          Reflect  +   i - +0 helmet
rElec   .          Harm     .   v - +0 cloak
rCorr   .          Rampage  .   (no gloves)
Will    +....                   I - +2 pair of boots
Stlth   +.........              B - amulet of reflection
HPRegen 0.25/turn               r - +6 ring of intelligence
MPRegen 0.22/turn               C - ring of poison resistance

@: glowing
A: sense surroundings 2, otherworldly, glowing, explore regen
a: Renounce Religion


You were in an ice cave.
You worshipped Vehumet.
Vehumet was most pleased with you.
You visited 3 branches of the dungeon, and saw 16 of its levels.
You also visited: Ice Cave.

You collected 659 gold pieces.

Inventory:

Hand Weapons
 a - a +2 flail of holy wrath
 j - a +0 eveningstar
 s - a +0 broad axe of freezing
 y - the +8 mithril axe "Arga" {speed, Will+}
   (You found it on level 8 of the Dungeon)

   Attacks with this weapon are significantly faster.
   Will:      It increases your willpower.
 L - the +5 hand axe of the Tundras {vamp, Will++}
   (You found it on level 4 of the Lair of Beasts)

   It occasionally heals its wielder for a portion of the damage dealt when it
   wounds a living foe.
   Will:      It greatly increases your willpower.
Armour
 i - a +0 helmet (worn)
 v - a +0 cloak (worn)
 w - +1 steam dragon scales (worn)
 I - a +2 pair of boots (worn)
Magical Staves
 h - a staff of cold (weapon)
Jewellery
 d - a +6 ring of dexterity
 r - a +6 ring of intelligence (left hand)
 B - an amulet of reflection (around neck)
 C - a ring of poison resistance (right hand)
Wands
 c - a wand of polymorph (2)
 k - a wand of light (6)
 n - a wand of paralysis (15)
 q - a wand of iceblast (16) (quivered)
 A - a wand of flame (24)
Scrolls
 e - a scroll of teleportation
 f - a scroll of identify
 o - 2 scrolls of vulnerability
 x - a scroll of poison
 D - a scroll of enchant armour
 F - a scroll of fear
Potions
 b - a potion of cancellation
 g - 5 potions of attraction {unknown}
 l - a potion of lignification
 p - 4 potions of degeneration {unknown}
 t - a potion of curing
 u - a potion of ambrosia
 z - a potion of brilliance
 G - a potion of flight {unknown}


   Skills:
 + Level 2.8 Fighting
 + Level 2.9(4.3) Axes
 + Level 5.3(5.8) Maces & Flails
 + Level 5.7 Dodging
 - Level 1.4 Stealth
 + Level 13.5 Spellcasting
 + Level 8.4 Conjurations
 + Level 13.0 Fire Magic
 + Level 6.7 Ice Magic
 + Level 4.4 Air Magic
 + Level 3.5 Evocations


You had 27 spell levels left.
You knew the following spells:

 Your Spells              Type           Power      Damage    Failure   Level
a - Foxfire               Conj/Fire      100%       2x1d9     1%          1
b - Scorch                Fire           100%       2d10      0%          2
c - Flame Wave            Conj/Fire      66%        2d15      1%          4
d - Freezing Cloud        Conj/Ice/Air   34%        6-21      1%          5

Your spell library contained the following spells:

 Spells                   Type           Power      Damage    Failure   Level
 Stone Arrow              Conj/Erth      82%        3d12      1%          3
 Conjure Flame            Conj/Fire      66%        6-21      1%          3
 Ignite Poison            Fire/Tmut/Pois 41%        N/A       1%          3
 Inner Flame              Hex/Fire       52%        N/A       1%          3
 Mephitic Cloud           Conj/Pois/Air  41%        N/A       1%          3
 Blink                    Tloc           36%        N/A       4%          2
 Call Canine Familiar     Summ           18%        N/A       9%          3
 Portal Projectile        Hex/Tloc       36%        N/A       9%          3
 Leda's Liquefaction      Hex/Erth       9%         N/A       30%         4
 Manifold Assault         Tloc           18%        N/A       63%         5
 Storm Form               Tmut/Air       15%        N/A       100%        7


Dungeon Overview and Level Annotations

Branches:
Dungeon (11/15) Zot: 2148  Temple (1/1) D:7 Zot: 401    Lair (4/5) D:11 Zot: 1072
  IceCv (1/1) Zot: 123
  Swamp: Lair:2-3    Shoals: Lair:2-3     Snake: Lair:2-3    Spider: Lair:2-3
  Slime: Lair:4-5       Orc: D:9-12

Altars:
Ashenzari
Cheibriados
Dithmenos
Elyvilon
Fedhas
Gozag
Hepliaklqana
Kikubaaqudgha
Makhleb
Nemelex Xobeh
Okawaru
Qazlal
Ru
Sif Muna
Trog
Uskayaw
Vehumet
Wu Jian
Xom
Yredelemnul
Zin
The Shining One


Innate Abilities, Weirdness & Mutations

You passively map the area around you.
You are easily found by Zot.
You glow in the dark.
You regain HP and MP as you explore.


Message History

Press: ? - help, Dir - look around, f - activate A wave of flame ripples out!
The flame wave engulfs your foxfire.
Your foxfire completely resists.
You hear a sizzling sound!
The flame wave engulfs your foxfire.
Your foxfire completely resists.
You hear a sizzling sound! x5 (Press . to intensify the flame waves.)
You are engulfed in freezing vapours.
You resist.
Your foxfire is engulfed in freezing vapours.
The foxfire hits the reaper.
The reaper is burned terribly!
The reaper is lightly wounded.
Your foxfire is engulfed in freezing vapours.
The foxfire hits the reaper but does no damage.
The reaper is lightly wounded.
A wave of flame ripples out!
You hear a sizzling sound! x2
The flame wave engulfs the reaper!
The reaper is burned terribly!
The reaper is lightly wounded.
You hear a sizzling sound! x2
You are engulfed in freezing vapours.
You resist.
The reaper hits you from afar with a +0 scythe of freezing!!
The reaper freezes you.
A wave of flame ripples out!
The flame wave engulfs the reaper!!
The reaper is burned terribly!
The reaper is heavily wounded.
You hear a sizzling sound!
You finish channelling waves of flame.
You are engulfed in freezing vapours.
You resist.
* * * LOW HITPOINT WARNING * * *
The reaper hits you from afar with a +0 scythe of freezing!!
* * * LOW HITPOINT WARNING * * *
The reaper freezes you.
* * * LOW HITPOINT WARNING * * *
Unknown command.
Okay, then.
As you read the scroll of butterflies, it crumbles to dust.
You hear the tinkle of a tiny bell.
You are engulfed in freezing vapours.
You resist.
You die...

####..## , * ##..#..# *
.. .# * , #...#..# , #.#
.#,, .......# ##.##..#.#
..##...# #..#..... , #.,
..###..# #.....§.. ,
§.., .##.#.##
#...#bbb####..# ,*
.#....##
#°.☼#bbbbb....#,
.##....###.≈.#bb@b2...#
..#....##≈...###bb#...#,
..##..[##......##b#, ##
,
#..#..##☼°#.....#.#..#*,
#..####☼○###.......# * *
* ##.###§§§# #........#
##..#§§## ##.......#
#..§.## #......## ##..##
##.....#


You could see a reaper (ally target).

Vanquished Creatures
  3 hydras
  A two-headed ogre (D:8)
  A centaur warrior (D:8)
  A black mamba (Lair:1)
  2 ice statues (IceCv)
  A rime drake (Lair:3)
  4 komodo dragons
  An anaconda simulacrum (IceCv)
  8 ice devils (IceCv)
  A troll (D:10)
  A vampire (D:9)
  A shadow (D:9)
  A basilisk (Lair:2)
  A dire elephant simulacrum (IceCv)
  2 wraiths (D:10)
  26 yaks
  A death yak simulacrum (IceCv)
  A harpy simulacrum (IceCv)
  A steam dragon (D:10)
  2 wargs (D:11)
  An acid dragon (D:9)
  4 water moccasins
  3 orc warriors
  An ice beast (D:8)
  2 sky beasts
  2 black bears
  The ghost of growler the Trooper, an amateur DsWn (D:4)
  A centaur (D:8)
  6 wolves (Lair:2)
  2 phantoms
  3 gnoll sergeants
  5 bullfrogs
  2 necrophages
  3 scorpions
  2 two-headed ogre simulacra (IceCv)
  A howler monkey (D:4)
  3 quasits (D:4)
  3 orc priests
  3 hounds
  2 gnoll boudas
  An iguana (D:7)
  5 orc wizards
  2 troll simulacra (IceCv)
  2 wolf simulacra (IceCv)
  5 spriggan simulacra (IceCv)
  21 gnolls
  7 adders
  A naga simulacrum (IceCv)
  A shadow imp (D:6)
  2 white imps
  2 ufetubi (IceCv)
  A worm (D:4)
  A dart slug (D:4)
  19 orcs
  3 endoplasms
  2 giant cockroaches
  5 hobgoblins
  2 quokkas
  4 ball pythons
  2 frilled lizards (D:3)
  4 goblins
  A kobold (D:3)
  2 rats
205 creatures vanquished.

Vanquished Creatures (collateral kills)
  A foxfire (Lair:3)
1 creature vanquished.

Vanquished Creatures (others)
  277 foxfires
  6 fungi
  7 plants
290 creatures vanquished.

Grand Total: 496 creatures vanquished

Notes
Turn   | Place    | Note
-------+----------+-------------------------------------------
     0 | D:1      | hawla the Meteoran Fire Elementalist began the quest for
                  | the Orb.
     0 | D:1      | Reached XP level 1. HP: 14/14 MP: 5/5
    34 | D:1      | Reached XP level 2. HP: 16/20 MP: 1/6
    66 | D:2      | Reached XP level 3. HP: 24/26 MP: 5/8
    69 | D:2      | Learned a level 2 spell: Scorch
   322 | D:3      | Reached XP level 4. HP: 33/33 MP: 2/9
   341 | D:3      | Reached skill level 5 in Fire Magic
   439 | D:4      | Found a transporter.
   452 | D:4      | Found a transporter.
   474 | D:4      | Reached XP level 5. HP: 38/38 MP: 11/11
   544 | D:4      | Noticed a phantom
   551 | D:4      | Killed a phantom
   578 | D:4      | Noticed growler's ghost (amateur DsWn)
   683 | D:4      | Reached skill level 1 in Ice Magic
   683 | D:4      | Reached skill level 1 in Evocations
   683 | D:4      | Reached XP level 6. HP: 37/45 MP: 8/12
  1180 | D:4      | Learned a level 4 spell: Flame Wave
  1188 | D:4      | Reached XP level 7. HP: 37/50 MP: 0/13
  1195 | D:4      | Killed growler's ghost
  1252 | D:5      | Entered Level 5 of the Dungeon
  1257 | D:5      | Reached skill level 5 in Conjurations
  1280 | D:5      | Reached XP level 8. HP: 57/57 MP: 2/14
  1809 | D:6      | Reached skill level 5 in Spellcasting
  1843 | D:6      | Gained mutation: You passively map the area around you.
                  | [Meteoran growth]
  1843 | D:6      | Reached XP level 9. HP: 63/63 MP: 11/18
  2021 | D:7      | Found a staircase to the Ecumenical Temple.
  2038 | Temple   | Entered the Ecumenical Temple
  2217 | Temple   | Became a worshipper of Vehumet
  2324 | D:8      | You fall into a shaft and drop 3 floors!
  2332 | D:10     | Entered Level 10 of the Dungeon
  2332 | D:10     | Noticed a troll
  2336 | D:10     | Killed a troll
  2337 | D:10     | Reached skill level 1 in Fighting
  2484 | D:8      | Reached XP level 10. HP: 66/71 MP: 17/23
  2486 | D:8      | Reached * piety under Vehumet
  2486 | D:8      | Offered knowledge of Freeze by Vehumet.
  2667 | D:8      | Noticed a two-headed ogre
  2755 | D:8      | Noticed a centaur warrior
  2759 | D:8      | Killed a centaur warrior
  2760 | D:8      | Reached skill level 10 in Fire Magic
  2761 | D:8      | Found the +8 mithril axe "Arga" {speed, Will+}
  2928 | D:8      | Killed a two-headed ogre
  2929 | D:8      | Reached skill level 10 in Spellcasting
  3403 | D:9      | Found a sacrificial altar of Ru.
  3405 | D:9      | Found a hazy altar of Hepliaklqana.
  3409 | D:9      | Found a snail-covered altar of Cheibriados.
  3435 | D:9      | Learned a level 5 spell: Freezing Cloud
  3679 | D:9      | Reached skill level 1 in Air Magic
  3688 | D:9      | Reached XP level 11. HP: 65/79 MP: 21/26
  3980 | D:10     | Reached skill level 5 in Ice Magic
  4161 | D:10     | Reached skill level 1 in Axes
  4162 | D:10     | Reached skill level 5 in Maces & Flails
  4163 | D:10     | Reached skill level 5 in Dodging
  4362 | D:11     | Found a staircase to the Lair.
  4393 | Lair:1   | Entered Level 1 of the Lair of Beasts
  4399 | Lair:1   | Reached ** piety under Vehumet
  4399 | Lair:1   | Offered knowledge of Poisonous Vapours by Vehumet.
  4631 | Lair:1   | Noticed a black mamba
  4636 | Lair:1   | Killed a black mamba
  4893 | Lair:1   | Glimpsed the power of Zot.
  4943 | Lair:1   | Glimpsed the power of Zot.
  4981 | Lair:2   | Noticed an eight-headed hydra
  4989 | Lair:2   | Killed an eight-headed hydra
  5037 | Lair:2   | Reached XP level 12. HP: 88/88 MP: 22/28
  5231 | Lair:2   | Noticed a six-headed hydra
  5250 | Lair:2   | Killed a six-headed hydra
  5307 | Lair:3   | Offered knowledge of Searing Ray by Vehumet.
  5413 | Lair:3   | Noticed a seven-headed hydra
  5420 | Lair:3   | Killed a seven-headed hydra
  5840 | Lair:4   | Identified the +5 hand axe of the Tundras {vamp, Will++}
  5916 | Lair:4   | Found a frozen archway.
  5933 | IceCv    | Entered an ice cave
  5955 | IceCv    | Reached *** piety under Vehumet
  6001 | IceCv    | HP: 1/88 [ice statue] (5)]
  6280 | IceCv    | Offered knowledge of Stone Arrow by Vehumet.
  6286 | IceCv    | Reached XP level 13. HP: 29/93 MP: 9/31
  6401 | IceCv    | Noticed a reaper
  6409 | IceCv    | HP: 3/93 [reaper/+0 scythe of freezing (24)]
  6409 | IceCv    | HP: 1/93 [reaper/+0 scythe of freezing (2)]
  6410 | IceCv    | Engulfed by a cloud of freezing vapour

Illustrated notes

Levels and vault maps discovered:
D:1:      minmay_arrival_checkered_box, layout_basic,
          shapermc_ecumenical_altar_totnotflames
D:2:      minmay_angry_zag, layout_basic, serial_shops, nicolae_shop_statue_plus
D:3:      layout_loops_ring
D:4:      layout_layer_cave, gammafunk_ghost_stat_death, eino_tiny_chamber
D:5:      layout_loops_ring
D:6:      layout_basic
D:7:      minmay_spotlight, layout_basic, minmay_temple_entry_tees
D:8:      layout_gridville, kennysheep_just_a_vault
D:9:      layout_roguey, gammafunk_temple_overflow_forgotten, serial_rivers,
          chequers_serial_rivers_micro_e, chequers_serial_rivers_micro_e,
          chequers_serial_rivers_micro_b, chequers_serial_rivers_micro_c,
          chequers_serial_rivers_micro_a
D:10:     layout_cave_pools, lemuel_flame_loot_1
D:11:     layout_roguey, erik_lair_orcish_takeover, orc_david_3
Temple:   nicolae_temple_bog_church
Lair:1:   layout_layer_cave
Lair:2:   layout_hall_layers, elwin_shoals_entry_rooms,
          ebering_ghost_rock_garden
Lair:3:   layout_concentric_octagons, nicolae_spider_entry_orb_guardian,
          beast_lair_carwin_4, grunt_megastairs_2, serial_bayou_shore_b
Lair:4:   layout_roguey, portal_ice_cave_entry_pillars_1
IceCv:    ice_cave_small_demon

Skill      XL: |  1  2  3  4  5  6  7  8  9 10 11 12 13 |
---------------+----------------------------------------+-----
Fire Magic     | 4 5 6 8 10 11 12 13 | 13.0
Spellcasting   | 3 5 8 10 11 13 | 13.5
Maces & Flails | 3 4 5 |  5.3
Ice Magic      | 1 2 3 6 |  6.7
Evocations     | 1 2 3 |  3.5
Conjurations   | 3 5 6 7 8 |  8.4
Dodging        | 3 4 5 |  5.7
Fighting       | 1 2 |  2.8
Air Magic      | 1 3 4 |  4.4
Axes           | 2 |  2.9
Stealth        | |  1.4

Action                   |  1- 3 |  4- 6 |  7- 9 | 10-12 | 13-15 || total
-------------------------+-------+-------+-------+-------+-------++-------
Melee: Unarmed           |     8 |     4 |       |       |       ||    12
       Eveningstar       |       |    19 |    27 |    10 |       ||    56
       Staff             |       |     1 |       |       |       ||     1
       Punch             |       |       |     1 |       |       ||     1
       Broad axe         |       |       |       |    28 |       ||    28
 Cast: Foxfire           |    22 |    14 |    52 |    65 |    10 ||   163
       Scorch            |     4 |    14 |    46 |    67 |     5 ||   136
       Flame Wave        |       |     2 |     7 |    32 |     4 ||    45
       Freezing Cloud    |       |       |       |    20 |       ||    20
Evoke: Wand              |       |       |       |     8 |       ||     8
  Use: Potion            |       |     1 |     2 |     9 |     1 ||    13
       Scroll            |       |       |       |    17 |     1 ||    18
Armor: Robe              |       |    29 |    20 |       |       ||    49
       Steam dragon scal |       |       |     2 |    25 |    14 ||    41
       Skin              |       |       |       |     4 |       ||     4
Dodge: Dodged            |    10 |    43 |    36 |    70 |    25 ||   184
Block: Other             |       |       |       |     6 |     3 ||     9
